 Dungeon Crawl Stone Soup version 0.21.0-3-g78d12a8 (webtiles) character file.

41310 Firecrotchwizard the Impaler (level 14, -1/115 HPs)
             Began as a Merfolk Berserker on Jan 12, 2018.
             Was the Champion of Trog.
             Slain by a komodo dragon (15 damage)
             ... on level 5 of the Lair of Beasts.
             The game lasted 00:33:10 (16211 turns).

Firecrotchwizard the Impaler (Merfolk Berserker)   Turns: 16211, Time: 00:33:10

Health: -1/115     AC: 24    Str: 17    XL:     14   Next: 14%
Magic:  5/5        EV: 24    Int:  7    God:    Trog [******]
Gold:   929        SH:  0    Dex: 25    Spells: 13/13 levels left

rFire    . . .     SeeInvis .   O - +2 bardiche (freeze)
rCold    . . .     Gourm    .   (shield currently unavailable)
rNeg     . . .     Faith    .   D - +4 ring mail "Galaaquza" {MP-9 Dex+7}
rPois    +         Spirit   .   l - +2 helmet
rElec    .         Reflect  .   M - +2 cloak
rCorr    .         Harm     .   e - +2 pair of gloves
MR       ++...                  z - +2 pair of boots
Stlth    +.........             (no amulet)
HPRegen  0.29/turn              y - ring of protection from magic {MR+, !d}
MPRegen  0.09/turn              k - ring of poison resistance {rPois, !d}

@: berserk cooldown
A: change form in water, swift swim, stealthy swim
a: Berserk, Trog's Hand, Brothers in Arms, Burn Spellbooks, Renounce Religion


You were on level 5 of the Lair of Beasts.
You worshipped Trog.
Trog was exalted by your worship.
You were not hungry.

You visited 2 branches of the dungeon, and saw 17 of its levels.
You also visited: Sewer.

You collected 1283 gold pieces.
You spent 354 gold pieces at shops.

Inventory:

Hand Weapons
 u - a +2 spear of piercing
   (You took it off a merfolk siren in a sewer)
 F - a +4 antimagic glaive
   (Trog gifted it to you on level 4 of the Lair of Beasts)
 O - a +2 bardiche of freezing (weapon)
   (Trog gifted it to you on level 11 of the Dungeon)
Missiles
 Q - a throwing net {=f, !d}
Armour
 e - a +2 pair of gloves (worn)
   (You found it on level 2 of the Dungeon)
 l - a +2 helmet (worn)
   (You found it on level 1 of the Dungeon)
 z - a +2 pair of boots (worn)
   (You found it on level 4 of the Lair of Beasts)
 D - the +4 ring mail "Galaaquza" (worn) {MP-9 Dex+7}
   (You bought it in a shop on level 6 of the Dungeon)

   It affects your dexterity (+7).
   It affects your magic capacity (-9).
 M - a +2 cloak (worn)
   (You found it on level 2 of the Lair of Beasts)
Jewellery
 k - a ring of poison resistance (right hand) {rPois, !d}
   (You found it on level 1 of the Dungeon)
 n - the ring of Omnuxto {+Blink rN+ Dex+4 Slay-4}
   (You found it on level 3 of the Lair of Beasts)

   [ring of positive energy]

   It affects your dexterity (+4).
   It affects your accuracy and damage with ranged weapons and melee attacks
   (-4).
   It protects you from negative energy.
   It lets you blink.
 q - an uncursed ring of resist corrosion
   (You found it on level 3 of the Dungeon)
 y - a ring of protection from magic (left hand) {MR+, !d}
   (You found it on level 8 of the Dungeon)
 N - an uncursed ring of protection from fire {rF+, !d}
   (You found it on level 11 of the Dungeon)
 T - an uncursed ring of protection from cold {rC+, !d}
   (You found it on level 4 of the Lair of Beasts)
Wands
 x - a wand of scattershot (9)
   (You found it in a sewer)
 E - a wand of paralysis (12)
   (You found it on level 4 of the Lair of Beasts)
Scrolls
 b - 10 scrolls of remove curse
 p - 2 scrolls of identify
 r - 8 scrolls of teleportation
 A - 2 scrolls of enchant weapon
 G - 3 scrolls of magic mapping {!r}
 H - a scroll of fear
 L - a scroll of fog
 P - a scroll of blinking {!r}
 S - a scroll of holy word {unknown}
Potions
 a - a potion of experience {unknown}
 d - 3 potions of cancellation
 f - 4 potions of lignification {!q}
 g - a potion of mutation {unknown}
 h - 3 potions of degeneration {@e1!q}
 i - 2 potions of might
 j - 2 potions of berserk rage {!q}
 m - 4 potions of ambrosia
 o - a potion of invisibility {unknown}
 s - 4 potions of haste
 t - 4 potions of curing
 v - 5 potions of flight
 B - a potion of agility {unknown}
 I - a potion of heal wounds {unknown}
 K - 3 potions of brilliance
 R - a potion of magic {unknown}
Comestibles
 c - 30 rations {@e1}
 w - 10 chunks of flesh {@w0}


   Skills:
 + Level 12.1 Fighting
 * Level 20.1 Polearms
 + Level 8.6 Armour
 + Level 13.9 Dodging


You had 13 spell levels left.
You didn't know any spells.

Dungeon Overview and Level Annotations

Branches:
Dungeon (12/15)            Temple (0/1) D:5            Lair (5/6) D:11
 Shoals (0/4) Lair:4        Snake (0/4) Lair:3          Orc (0/2) D:11
  Slime: Lair:5-6

Altars:
Ashenzari
Elyvilon
Gozag
Kikubaaqudgha
Nemelex Xobeh
Okawaru
Ru
Sif Muna
Trog
Wu Jian
Xom
Yredelemnul
The Shining One

Shops:
D:6 [}!(   D:8 :   D:9 *

Annotations:
D:10 exclusion: Psyche, Psyche
Lair:3 exclusion: oklob plant


Message History

You are exhausted.
You feel yourself slow down.
w - 12 chunks of flesh {@w0} (gained 6)
You see here a rime drake skeleton.
You now have 46/115 hp.
You start resting.
Eating one of 12 chunks of flesh {@w0}.
You eat one of the 12 chunks of flesh {@w0}.
You are feeling hungry.
Eating one of 11 chunks of flesh {@w0}.
You eat one of the 11 chunks of flesh {@w0}.
You regained 4 hp, and now have 50/115 hp.
The hippogriff screeches!
The hippogriff completely misses you.
The hippogriff pecks you but does no damage.
The hippogriff misses you.
You hit the hippogriff. You freeze the hippogriff.
The hippogriff bites you but does no damage.
The hippogriff barely misses you. The hippogriff completely misses you.
You slice the hippogriff!! You freeze the hippogriff!
The hippogriff misses you. x2; The hippogriff claws you.
The hippogriff misses you. The hippogriff completely misses you.
The hippogriff misses you.
A hippogriff comes into view.
You take 1 damage, and have 51/115 hp.
The hippogriff screeches!
You slice the hippogriff!! You freeze the hippogriff.
You kill the hippogriff!
Trog accepts your kill.
You hear an angry hiss.
You hear a distant blaring wail to the south.
A spiny frog comes into view.
The hippogriff bites you but does no damage.
The hippogriff pecks you but does no damage.
The hippogriff claws you but does no damage.
The spiny frog croaks.
You slash the hippogriff! You freeze the hippogriff. The hippogriff misses you.
The hippogriff barely misses you. x2
You hit the hippogriff. You freeze the hippogriff.
The hippogriff completely misses you. The hippogriff barely misses you. x2
The hippogriff completely misses you. x2; The hippogriff misses you.
You slash the hippogriff! You freeze the hippogriff.
The hippogriff completely misses you. The hippogriff barely misses you.
The hippogriff completely misses you.
A komodo dragon comes into view.
You closely miss the hippogriff. The hippogriff completely misses you.
The hippogriff misses you.
The hippogriff claws you but does no damage.
The spiny frog stings you but does no damage.
The hippogriff bites you but does no damage.
The hippogriff completely misses you. The hippogriff closely misses you.
The spiny frog barely misses you.
You slash the spiny frog! You freeze the spiny frog. The spiny frog stings you.
The hippogriff barely misses you.
The hippogriff pecks you but does no damage.
The hippogriff completely misses you. The spiny frog misses you.
A spiny frog comes into view.
You take 4 damage, and have 50/115 hp.
The spiny frog croaks.
You slash the spiny frog! You freeze the spiny frog.
The hippogriff completely misses you. x2; The hippogriff misses you.
The spiny frog stings you but does no damage.
The hippogriff barely misses you. x2; The hippogriff completely misses you.
You slash the spiny frog! You freeze the spiny frog.
You kill the spiny frog!
Trog accepts your kill.
You feel yourself speed up. The hippogriff misses you.
The hippogriff barely misses you. The hippogriff closely misses you.
The komodo dragon bites you!!
* * * LOW HITPOINT WARNING * * *
You take 25 damage, and have 25/115 hp.
MASSIVE DAMAGE!!
You feel better.
The hippogriff bites you but does no damage.
The hippogriff closely misses you. The hippogriff barely misses you.
The komodo dragon bites you!
* * * LOW HITPOINT WARNING * * *
You take 7 damage, and have 18/115 hp.
You hit the hippogriff. You freeze the hippogriff.
The hippogriff completely misses you. x2; The hippogriff misses you.
The komodo dragon closely misses you.
You slash the spiny frog! You freeze the spiny frog.
The hippogriff bites you but does no damage.
The hippogriff completely misses you.
The hippogriff claws you but does no damage.
The komodo dragon bites you.
* * * LOW HITPOINT WARNING * * *
The spiny frog barely misses you.
You take 5 damage, and have 13/115 hp.
You barely miss the spiny frog. The hippogriff closely misses you.
The hippogriff misses you.
The hippogriff claws you but does no damage.
The spiny frog closely misses you.
The komodo dragon bites you but does no damage.
You slice the spiny frog!! You freeze the spiny frog!
You kill the spiny frog!
Trog accepts your kill. The hippogriff misses you.
The hippogriff pecks you but does no damage.
The hippogriff completely misses you. The komodo dragon bites you!
You die...

.......................
#..........#...'........
..............##........
P..........÷####........
.............# #........
..<.........## #........
...........####P........
#.....†.....#.####..###.
.......@PP.#...####.....
......Hl................
P...........#...........
#.....<....#............
#.....#........#.......#
...............P.....<..
#........#.....P..#....#
..........#..........÷÷#
..#.............


You could see a komodo dragon and a hippogriff.

Vanquished Creatures
  5 hydras
  A centaur warrior (D:9)
  A two-headed ogre (D:10)
  Erica (D:9)
  Urug (Lair:3)
  The ghost of belegose the Cleaver, a novice HOMo (D:5)
  3 skeletal warriors (D:11)
  Pikel (D:9)
  A deep elf mage (D:11)
  2 manticores (D:11)
  6 elephants (Lair:2)
  5 black mambas
  A gargoyle (D:8)
  4 komodo dragons
  9 spiny frogs
  4 rime drakes (Lair:5)
  A queen bee (D:10)
  2 trolls
  14 blink frogs (Lair:4)
  Prince Ribbit (D:9)
  9 hippogriffs
  10 wyverns
  A wraith (D:10)
  4 hogs (D:10)
  27 yaks
  2 basilisks
  A human (D:10)
  The ghost of LobsterGuardian the Sneak, an amateur OpAs (D:3)
  3 nagas (Lair:3)
  2 wargs (D:11)
  4 water moccasins
  8 porcupines
  6 orc warriors
  A black bear (D:9)
  A slave (D:9)
  A sky beast (D:6)
  A necrophage (D:10)
  A phantom (D:6)
  10 ogres
  30 wolves
  3 centaurs
  4 crocodiles (Lair:4)
  A big kobold (D:9)
  12 bullfrogs
  A wyvern zombie (D:10)
  3 scorpions
  30 killer bees
  7 wights
  3 electric eels (Lair:4)
  7 crimson imps
  A bullfrog zombie (D:5)
  2 centaur zombies
  5 hounds
  4 jellies
  2 centaur skeletons
  5 orc priests
  A bullfrog skeleton (D:11)
  3 iguanas
  6 orc wizards
  2 merfolk sirens (Sewer)
  2 worker ants
  A merfolk avatar (Sewer)
  3 gnolls (D:5)
  11 adders
  A howler monkey skeleton (D:6)
  4 river rats
  2 worms
  3 dart slugs
  7 leopard geckos
  23 orcs
  6 ball pythons
  7 giant cockroaches
  5 goblins
  5 hobgoblins
  10 jackals
  7 quokkas
  5 bats
  7 frilled lizards
  A jackal zombie (D:6)
  14 kobolds
  A quokka skeleton (D:9)
  26 rats
  A spectral orc (D:9)
441 creatures vanquished.

Vanquished Creatures (collateral kills)
  A hydra (Lair:3)
1 creature vanquished.

Vanquished Creatures (others)
  12 fungi
  19 plants
31 creatures vanquished.

Grand Total: 473 creatures vanquished

Notes
Turn   | Place    | Note
-------+----------+-------------------------------------------
     0 | D:1      | Firecrotchwizard the Merfolk Berserker began the quest for the Orb.
     0 | D:1      | Reached XP level 1. HP: 18/18 MP: 1/1
   197 | D:1      | Reached XP level 2. HP: 24/24 MP: 2/2
   388 | D:1      | Reached skill level 3 in Dodging
   638 | D:2      | Reached skill level 5 in Polearms
   638 | D:2      | Reached XP level 3. HP: 24/29 MP: 3/3
   642 | D:2      | Found an ornate altar of the Wu Jian Council.
   929 | D:2      | Found an opulent altar of Gozag.
   971 | D:2      | Reached ** piety under Trog
  1519 | D:3      | Noticed LobsterGuardian's ghost (amateur OpAs)
  1526 | D:3      | Reached XP level 4. HP: 30/37 MP: 4/4
  1651 | D:3      | Reached skill level 6 in Polearms
  1651 | D:3      | Reached skill level 2 in Armour
  1665 | D:3      | Killed LobsterGuardian's ghost
  1665 | D:3      | Reached skill level 4 in Fighting
  1665 | D:3      | Reached skill level 4 in Dodging
  1665 | D:3      | Reached XP level 5. HP: 42/42 MP: 5/5
  1754 | D:3      | Reached skill level 7 in Polearms
  1754 | D:3      | Reached XP level 6. HP: 49/49 MP: 6/6
  2311 | D:4      | Found a glowing drain.
  2359 | Sewer    | Entered a sewer
  2590 | Sewer    | Reached *** piety under Trog
  3030 | D:4      | Reached XP level 7. HP: 55/55 MP: 7/7
  3055 | D:4      | Found an ancient bone altar of Kikubaaqudgha.
  3178 | D:4      | Found an iron altar of Okawaru.
  3359 | D:4      | Reached skill level 8 in Polearms
  3359 | D:4      | Reached skill level 5 in Dodging
  3475 | D:5      | Entered Level 5 of the Dungeon
  3501 | D:5      | Reached skill level 5 in Fighting
  3590 | D:5      | Found a sparkling altar of Nemelex Xobeh.
  3608 | D:5      | Reached skill level 3 in Armour
  3778 | D:5      | Noticed belegose's ghost (novice HOMo)
  3800 | D:5      | Killed belegose's ghost
  3800 | D:5      | Reached skill level 10 in Polearms
  3800 | D:5      | Reached skill level 6 in Dodging
  3800 | D:5      | Reached XP level 8. HP: 39/64 MP: 8/8
  4208 | D:5      | Found a staircase to the Ecumenical Temple.
  4321 | D:5      | Reached skill level 6 in Fighting
  4501 | D:6      | Reached **** piety under Trog
  4510 | D:6      | Found a shattered altar of Ashenzari.
  4552 | D:6      | Found Weaprial's Distillery.
  4557 | D:6      | Bought a potion of curing for 30 gold pieces
  4626 | D:6      | Found Seesofe's Antique Weapon Shoppe.
  4891 | D:6      | Reached skill level 4 in Armour
  4891 | D:6      | Reached XP level 9. HP: 62/69 MP: 9/9
  5055 | D:6      | Found a sacrificial altar of Ru.
  5088 | D:6      | Found Enaottad's Antique Armour Emporium.
  5109 | D:6      | Reached skill level 11 in Polearms
  5109 | D:6      | Reached skill level 7 in Dodging
  5111 | D:6      | Found Doysm's Gadget Shop.
  5116 | D:6      | Bought a jewelled ring mail for 324 gold pieces
  5126 | D:6      | Identified the +4 ring mail "Galaaquza" {MP-9 Dex+7} (You bought it in a shop on level 6 of the Dungeon)
  5520 | D:7      | Found a white marble altar of Elyvilon.
  5883 | D:7      | Got a transparent dagger
  6358 | D:8      | Reached skill level 7 in Fighting
  6358 | D:8      | Reached skill level 12 in Polearms
  6407 | D:8      | Reached skill level 8 in Dodging
  6426 | D:8      | Found a shimmering altar of Xom.
  6427 | D:8      | Found a shimmering altar of Xom.
  6428 | D:8      | Found a shimmering altar of Xom.
  6428 | D:8      | Found a shimmering altar of Xom.
  6428 | D:8      | Found a shimmering altar of Xom.
  6429 | D:8      | Found a shimmering altar of Xom.
  6429 | D:8      | Found a shimmering altar of Xom.
  6438 | D:8      | Found a shimmering altar of Xom.
  6496 | D:8      | Noticed a gargoyle
  6501 | D:8      | Killed a gargoyle
  6532 | D:8      | Reached XP level 10. HP: 79/79 MP: 1/10
  6783 | D:8      | Found Umilof's Book Emporium.
  6784 | D:8      | Reached skill level 5 in Armour
  6839 | D:8      | Reached skill level 13 in Polearms
  7105 | D:9      | Found Highoymp's Assorted Antiques.
  7120 | D:9      | Reached ***** piety under Trog
  7174 | D:9      | Reached skill level 9 in Dodging
  7182 | D:9      | Reached skill level 8 in Fighting
  7402 | D:9      | Found a bloodstained altar of Trog.
  7446 | D:9      | Noticed Erica
  7467 | D:9      | Killed Erica
  7467 | D:9      | Reached skill level 14 in Polearms
  7554 | D:9      | Noticed a centaur warrior
  7567 | D:9      | Killed a centaur warrior
  7760 | D:9      | Found a glowing golden altar of the Shining One.
  7778 | D:9      | Found a basalt altar of Yredelemnul.
  7873 | D:9      | Found a deep blue altar of Sif Muna.
  7878 | D:9      | Noticed Prince Ribbit
  7925 | D:9      | Reached XP level 11. HP: 73/87 MP: 2/11
  7944 | D:9      | Killed Prince Ribbit
  7944 | D:9      | Reached skill level 10 in Dodging
  8011 | D:9      | Noticed Pikel
  8022 | D:9      | Killed Pikel
  8281 | D:10     | Entered Level 10 of the Dungeon
  8323 | D:10     | Reached skill level 9 in Fighting
  8323 | D:10     | Reached skill level 15 in Polearms
  8323 | D:10     | Reached skill level 6 in Armour
  8786 | D:10     | Noticed a two-headed ogre
  8790 | D:10     | Killed a two-headed ogre
  8800 | D:10     | Noticed Psyche
  8857 | D:10     | Reached skill level 16 in Polearms
  8857 | D:10     | Reached skill level 11 in Dodging
  9107 | D:11     | Noticed a skeletal warrior
  9119 | D:11     | Killed a skeletal warrior
  9124 | D:11     | Noticed a skeletal warrior
  9133 | D:11     | Noticed a skeletal warrior
  9142 | D:11     | Killed a skeletal warrior
  9151 | D:11     | HP: 26/135 [skeletal warrior/battleaxe of chopping[a skeletal warrior] (15)]
  9159 | D:11     | HP: 15/135 [skeletal warrior/battleaxe of chopping[a skeletal warrior] (9)]
  9160 | D:11     | Killed a skeletal warrior
  9160 | D:11     | Reached XP level 12. HP: 15/97 MP: 3/12
  9505 | D:11     | Reached skill level 10 in Fighting
  9556 | D:11     | Found a staircase to the Lair.
  9718 | D:11     | Found a shimmering altar of Xom.
  9728 | D:11     | Reached ****** piety under Trog
  9788 | D:11     | Reached skill level 7 in Armour
  9801 | D:11     | Reached skill level 17 in Polearms
 10126 | D:11     | Found a staircase to the Orcish Mines.
 10138 | D:11     | Received a gift from Trog
 10241 | D:11     | Noticed a five-headed hydra
 10259 | D:11     | Killed a five-headed hydra
 10405 | Lair:1   | Entered Level 1 of the Lair of Beasts
 10731 | Lair:1   | Reached skill level 12 in Dodging
 11359 | Lair:1   | Noticed a seven-headed hydra
 11365 | Lair:1   | Killed a seven-headed hydra
 11546 | Lair:2   | Reached skill level 18 in Polearms
 11960 | Lair:2   | Noticed a six-headed hydra
 11970 | Lair:2   | Killed a six-headed hydra
 11970 | Lair:2   | Reached XP level 13. HP: 92/105 MP: 4/13
 11999 | Lair:2   | Reached skill level 11 in Fighting
 13242 | Lair:3   | Reached skill level 8 in Armour
 13244 | Lair:3   | Got a shimmering lapis lazuli ring
 13246 | Lair:3   | Identified the ring of Omnuxto {+Blink rN+ Dex+4 Slay-4} (You found it on level 3 of the Lair of Beasts)
 13259 | Lair:3   | Reached skill level 13 in Dodging
 13327 | Lair:3   | Found a staircase to the Snake Pit.
 13335 | Lair:3   | Reached skill level 19 in Polearms
 13575 | Lair:3   | Noticed Urug
 13589 | Lair:3   | Killed Urug
 14481 | Lair:4   | Received a gift from Trog
 15120 | Lair:4   | Found a staircase to the Shoals.
 15633 | Lair:5   | Reached XP level 14. HP: 69/114 MP: 5/14
 15640 | Lair:5   | Reached skill level 12 in Fighting
 16144 | Lair:5   | Reached skill level 20 in Polearms
 16206 | Lair:5   | HP: 25/115 [komodo dragon (25)]
 16211 | Lair:5   | Slain by a komodo dragon

Skill      XL: |  1  2  3  4  5  6  7  8  9 10 11 12 13 14 |
---------------+-------------------------------------------+-----
Dodging        | 3 4 6 8 9 11 12 13 | 13.9
Polearms       | 5 6 7 10 12 14 16 18 19 20 | 20.1
Armour         | 2 3 4 5 6 7 8 |  8.6
Fighting       | 4 5 6 7 8 9 10 11 12 | 12.1

Action                   |  1- 3 |  4- 6 |  7- 9 | 10-12 | 13-15 || total
-------------------------+-------+-------+-------+-------+-------++-------
Melee: Spear             |   121 |   279 |   102 |    23 |    28 ||   553
       Tailslap          |       |    11 |       |       |     1 ||    12
       Halberd           |       |       |   206 |   588 |       ||   794
       Bardiche          |       |       |       |    12 |   362 ||   374
Throw: Javelin           |       |       |     7 |    43 |       ||    50
Invok: Berserk           |       |     1 |     1 |     1 |     1 ||     4
       Trog's Hand       |       |     1 |       |     1 |       ||     2
       Burn Spellbooks   |       |       |       |     4 |       ||     4
       Brothers in Arms  |       |       |       |       |     1 ||     1
Evoke: Wand              |       |       |       |     2 |       ||     2
  Use: Scroll            |     6 |       |     3 |     2 |    17 ||    28
       Potion            |       |       |       |       |     1 ||     1
 Stab: Sleeping          |     2 |       |       |       |     2 ||     4
       Distracted        |       |       |       |       |     2 ||     2
  Eat: Chunk             |     2 |     6 |     9 |    15 |    13 ||    45
       Ration            |       |       |     1 |     1 |     1 ||     3
Armor: Animal skin       |     3 |       |       |       |       ||     3
       Chain mail        |    24 |       |       |       |       ||    24
       Ring mail         |     2 |    45 |    46 |   100 |   136 ||   329
Dodge: Dodged            |    44 |    91 |   137 |   439 |   655 ||  1366

Vault maps used:
D:1:      dpeg_arrival_stonehenge_8_columns
D:2:      nicolae_overflow_hidden_temple, nicolae_overflow_crystal_walls,
          minmay_heptomino_h4
D:3:      minivault_14
D:4:      kennysheep_mini, okawaru_ov_weapons_minmay,
          cheibrodos_sewer_entry_sluice, first_ration
D:5:      nemelex_xobeh_ov_fountains_minmay, lemuel_temple_firewalk_b
D:6:      cheibrodos_ashenzari_chains, lemuel_doored_altar, serial_shops, shop,
          shop, shop, nicolae_shop_trees, minmay_misc_feat_square,
          kennysheep_generic_room_2
D:7:      elyvilon_altar_1
D:8:      xom_redecorated, serial_shops, nicolae_shop_behind_doors
D:9:      yredelemnul_forgotten_temple_becter, old_standard_altar,
          lemuel_round_altar, lemuel_crystal_altar, serial_shops, shop_statue,
          uniq_erica, uniq_prince_ribbit1, uniq_pikel
D:10:     grunt_livestock, uniq_psyche
D:11:     grunt_lair_entry_orc_guard_hut, david_orc_1_choice,
          hangedman_decor_push, david_defended_altar_elf
D:12:     hangedman_cracks_in_the_wall
Lair:3:   guppyfry_snake_entry_island, serial_bayou_pond_c,
          minmay_lair_oklob_chamber, uniq_urug
Lair:4:   shoals_dummy_entry, serial_forest, infiniplex_forest_side_room,
          infiniplex_forest_straight_4, infiniplex_forest_straight_2,
          infiniplex_forest_clump_diagonal, infiniplex_forest_lined_room_3,
          lemuel_fruit_fields, serial_bayou_shore_a
Lair:5:   slime_altar_1, serial_bayou_shore_b
Sewer:    sewer_sea

Table legend:
 A = Turns spent in this place as a percentage of turns spent in the entire game.
 B = Non-inter-level travel turns spent in this place as a percentage of non-inter-level travel turns spent in the entire game.
 C = Inter-level travel turns spent in this place as a percentage of turns spent in this place.
 D = Turns resting spent in this place as a percentage of non-inter-level travel turns spent in this place.
 E = Turns spent auto-exploring this place as a percentage of non-inter-level travel turns spent in this place.
 F = Non-inter-level travel turns spent in this place divided by the number of levels of this place that you've seen.
                   A       B       C       D       E      F
               +-------+-------+-------+-------+-------+----------------------
         Total | 100.0 | 100.0 |   3.7 |  22.8 |  57.7 | 867.1
       Dungeon |  61.3 |  60.5 |   4.9 |  15.6 |  64.1 | 787.0
          Lair |  34.9 |  35.5 |   2.1 |  35.7 |  48.8 | 1109.4
         Sewer |   3.8 |   3.9 |   0.0 |  16.2 |  40.4 | 616.0
               +-------+-------+-------+-------+-------+----------------------

Table legend:
 A = Kills in this place as a percentage of kills in entire the game.
 B = Kills by you in this place as a percentage of kills by you in the entire game.
 C = Kills by friends in this place as a percentage of kills by friends in the entire game.
 D = Other kills in this place as a percentage of other kills in the entire game.
 E = Experience gained in this place as a percentage of experience gained in the entire game.
 F = Experience gained in this place divided by the number of levels of this place that you have seen.
                   A       B       C       D       E      F
               +-------+-------+-------+-------+-------+----------------------
         Total | 100.0 | 100.0 | 100.0 |   N/A | 100.0 | 3278.6
       Dungeon |  61.0 |  61.1 |   0.0 |   N/A |  42.9 | 2109.9
          Lair |  29.9 |  29.8 | 100.0 |   N/A |  56.7 | 6696.6
         Sewer |   9.1 |   9.1 |   0.0 |   N/A |   0.4 | 213.0
               +-------+-------+-------+-------+-------+----------------------
